 Dungeon Crawl Stone Soup version 0.29.1-13-g9f3cf754e1 (webtiles) character file.

Game seed: 3165501745486547095

13 Exodus22XD the Trooper (level 2, 23/27 HPs)
             Began as a Minotaur Fighter on Feb 4, 2023.
             Was a Follower of Cheibriados.
             Quit the game on level 1 of the Dungeon.
             The game lasted 00:00:18 (653 turns).

Exodus22XD the Trooper (Minotaur Fighter)            Turns: 653, Time: 00:00:19

Health: 23/27      AC:  7    Str: 22    XL:     2   Next: 24%
Magic:  1/1        EV:  9    Int:  7    God:    Cheibriados [*.....]
Gold:   20         SH:  4    Dex: 11    Spells: 1/1 levels left

rFire   . . .      SeeInvis .   a - +0 war axe
rCold   . . .      Faith    .   c - +0 buckler
rNeg    . . .      Spirit   .   b - +0 scale mail
rPois   .          Reflect  .   (helmet restricted)
rElec   .          Harm     .   (no cloak)
rCorr   .          Rampage  .   (no gloves)
Will    .....                   (no boots)
Stlth   ..........              (no amulet)
HPRegen 0.09/turn               (no ring)
MPRegen 0.07/turn               (no ring)

@: very slow
A: horns 2, retaliatory headbutt
a: Renounce Religion, Bend Time


You were on level 1 of the Dungeon.
You worshipped Cheibriados.
Cheibriados was aware of your devotion.
You visited 1 branch of the dungeon, and saw 1 of its levels.

You collected 20 gold pieces.

Inventory:

Hand Weapons
 a - a +0 war axe (weapon)
Armour
 b - a +0 scale mail (worn)
 c - a +0 buckler (worn)
Scrolls
 g - a scroll of enchant weapon {unknown}
Potions
 d - a potion of might
 e - a potion of attraction {unknown}
 f - 2 potions of curing {unknown}


   Skills:
 + Level 3.9 Fighting
 + Level 2.7 Axes
 + Level 3.9 Armour
 + Level 3.8 Shields


You had one spell level left.
You didn't know any spells.
Your spell library was empty.

Dungeon Overview and Level Annotations

Branches:
Dungeon (1/15)

Altars:
Cheibriados


Innate Abilities, Weirdness & Mutations

You have a pair of horns on your head.
You reflexively headbutt those who attack you in melee.


Message History

Found a spear.
An endoplasm is nearby!
You slash the endoplasm!
You kill the endoplasm!
You now have 20 gold pieces (gained 10).
Found a stone staircase leading down.
No target in view!
A bat comes into view.
The bat hits you but does no damage.
You barely miss the bat. Your headbutt misses the bat.
The bat completely misses you. The bat barely misses you.
You furiously retaliate!
You headbutt the bat!
You kill the bat!
Found 3 stones.
No target in view!
No target in view!
You see here 3 stones.
You open the huge gate.
A hobgoblin comes into view.
Found a scroll labelled TUNEPU OPYUCU.
Found a faded altar of an unknown god.
There is a huge open gate here.
A hobgoblin is nearby!
A kobold comes into view. It is wielding a +0 club.
The kobold shouts!
There is a huge open gate here.
The hobgoblin hits you but does no damage.
There is a huge open gate here.
You closely miss the hobgoblin. Your headbutt misses the hobgoblin.
The hobgoblin hits you but does no damage.
The hobgoblin closely misses you.
There is a faded altar of an unknown god here.
You cannot tell which god this altar belongs to.
Convert to them anyway?
Cheibriados accepts your prayer! Cheibriados welcomes you!
Cheibriados begins to support your attributes as your movement slows.
Cheibriados is now slowing the effects of poison on you.
You can now bend time to slow others.
Cheibriados raises the support of your attributes as your movement slows.
The hobgoblin hits you.
Are you sure you want to abandon this character and quit the game? (Confirm with "yes".)

#...# ###### #. #...# #.
#...# #. ##.##
#####.##### #.# #
#.........# #.#### ##
.....'''''###.##.## #.
#....'g'''.##.#...####..
.....'K@''..(........+..
#....'''''.##.#...####..
#....'''''###.##.## ##.
....?.....# #.##### ##
###.####### #.....# # #.
#####.# # #.# #.# #.# #


You could see a hobgoblin and a kobold.

Vanquished Creatures
  3 endoplasms (D:1)
  A giant cockroach (D:1)
  A goblin (D:1)
  A hobgoblin (D:1)
  2 bats (D:1)
  2 frilled lizards (D:1)
  2 kobolds (D:1)
12 creatures vanquished.

Notes
Turn   | Place    | Note
-------+----------+-------------------------------------------
     0 | D:1      | Exodus22XD the Minotaur Fighter began the quest for the
                  | Orb.
     0 | D:1      | Reached XP level 1. HP: 19/19 MP: 0/0
   432 | D:1      | Reached XP level 2. HP: 23/27 MP: 1/1
   646 | D:1      | Found a faded altar of an unknown god.
   652 | D:1      | Prayed at the altar of an unknown god.
   652 | D:1      | Became a worshipper of Cheibriados the Contemplative
   652 | D:1      | Reached * piety under Cheibriados
   653 | D:1      | Quit the game

Illustrated notes

Levels and vault maps discovered:
D:1:      onia_arrival_pyramid, layout_loops_corners,
          hellmonk_ecumenical_altar_heavens_door

Action                   || total
-------------------------++-------
Melee: War axe           ||    29
       Headbutt          ||     3
Armor: Scale mail        ||    21
Dodge: Dodged            ||     8
Block: Buckler           ||     6
